 Dungeon Crawl Stone Soup version 0.21.0-37-g46506fa (webtiles) character file.

19448 pk666 the Warrior (level 12, -2/124 HPs)
             Began as a Minotaur Berserker on Feb 1, 2018.
             Was a High Priest of Trog.
             Slain by a six-headed hydra (13 damage)
             ... on level 1 of the Lair of Beasts.
             The game lasted 00:26:55 (13176 turns).

pk666 the Warrior (Minotaur Berserker)             Turns: 13176, Time: 00:26:56

Health: -2/124     AC:  8    Str: 27    XL:     12   Next: 36%
Magic:  11/11      EV: 12    Int:  8    God:    Trog [*****.]
Gold:   233        SH:  0    Dex: 18    Spells: 11/11 levels left

rFire    . . .     SeeInvis .   D - +0 battleaxe
rCold    + . .     Gourm    .   (shield currently unavailable)
rNeg     . . .     Faith    .   E - +1 leather armour of Agakox {rC+ Int+4 Dex+3}
rPois    .         Spirit   .   F - +0 hat
rElec    .         Reflect  .   C - +0 cloak of the Neverending Runes {rCorr Dex+5}
rCorr    +         Harm     +   p - +2 pair of gloves
MR       +....                  (no boots)
Stlth    +.........             a - amulet of harm
HPRegen  0.30/turn              x - ring of protection from magic
MPRegen  0.12/turn              (no ring)

@: no status effects
A: retaliatory headbutt, horns 2
a: Berserk, Trog's Hand, Brothers in Arms, Burn Spellbooks, Renounce Religion


You were on level 1 of the Lair of Beasts.
You worshipped Trog.
Trog was extremely pleased with you.
You were hungry.

You visited 2 branches of the dungeon, and saw 12 of its levels.
You also visited: Ossuary.

You collected 233 gold pieces.

Inventory:

Hand Weapons
 D - a +0 battleaxe (weapon)
Armour
 j - a +0 plate armour
 p - a +2 pair of gloves (worn)
 A - a +0 chain mail
 C - the +0 cloak of the Neverending Runes (worn) {rCorr Dex+5}
   (You found it on level 6 of the Dungeon)

   It affects your dexterity (+5).
   It protects you from acid and corrosion.
 E - the +1 leather armour of Agakox (worn) {rC+ Int+4 Dex+3}
   (You found it on level 7 of the Dungeon)

   It affects your intelligence (+4).
   It affects your dexterity (+3).
   It protects you from cold.
 F - a +0 hat (worn)
Jewellery
 a - an amulet of harm (around neck)
 x - a ring of protection from magic (left hand)
 I - a cursed ring of teleportation {unknown}
 J - an uncursed amulet of guardian spirit
Wands
 b - a wand of flame (58)
 e - a wand of iceblast (10)
 y - a wand of polymorph (21)
 H - a wand of disintegration (7)
 K - a wand of acid (5)
Scrolls
 d - 7 scrolls of remove curse
 f - 4 scrolls of teleportation
 h - 9 scrolls of identify
 n - 4 scrolls of blinking
 o - a scroll of brand weapon {unknown}
 r - a scroll of fog {unknown}
 s - a scroll of acquirement {unknown}
 B - 2 scrolls of enchant weapon {unknown}
 L - a scroll of holy word {unknown}
 N - a scroll of summoning {unknown}
Potions
 i - a potion of degeneration {unknown}
 k - 2 potions of might {unknown}
 l - 4 potions of curing
 u - 3 potions of berserk rage
 v - 2 potions of flight
 w - a potion of heal wounds {unknown}
 z - 3 potions of haste
 G - 2 potions of agility
 O - 3 potions of lignification
Comestibles
 c - 23 rations


   Skills:
 + Level 16.6 Fighting
 + Level 16.6 Axes
 - Level 2.4 Armour
 - Level 2.1 Dodging


You had 11 spell levels left.
You didn't know any spells.

Dungeon Overview and Level Annotations

Branches:
Dungeon (11/15)            Temple (0/1) D:4            Lair (1/6) D:11
    Orc (0/2) D:11

Altars:
Elyvilon
Kikubaaqudgha
Makhleb
Nemelex Xobeh
Okawaru
Qazlal
Ru
Sif Muna
Trog
Wu Jian
Xom
Zin

Annotations:
D:9 Maurice


Innate Abilities, Weirdness & Mutations

You reflexively headbutt those who attack you in melee.
You have a pair of horns on your head.


Message History

The three-headed hydra grows two more!
You slash the five-headed hydra! You headbutt the five-headed hydra.
The five-headed hydra is heavily wounded.
The five-headed hydra bites you. The five-headed hydra bites you!
The five-headed hydra bites you but does no damage.
The five-headed hydra completely misses you.
The five-headed hydra bites you!
You slice one of the five-headed hydra's heads off!
The four-headed hydra grows two more!
You slice the six-headed hydra!!
The six-headed hydra is almost dead.
The six-headed hydra bites you. The six-headed hydra bites you!
The six-headed hydra bites you but does no damage.
The six-headed hydra bites you. The six-headed hydra bites you! x2
* * * LOW HITPOINT WARNING * * *
Your ogre goes berserk!
You are feeling hungry.
The six-headed hydra barely misses you. The six-headed hydra bites you!
* * * LOW HITPOINT WARNING * * *
The six-headed hydra bites you!
You die...

#### ## ###########
####.#.##P. ..........#
#.......... ..........#
#..........
..........####..........
..........'..#..........
...?......#P.#..†.$.....
......[...##.#..@D......
#'P#########.....O......
#.## ###.......... #.#
#######.### ..# P# #.#
## ## # #'##P###.#
.........# .........#


You could see a six-headed hydra and a friendly ogre (berserk).

Vanquished Creatures
  Gastronok (D:8)
  An ettin (D:11)
  Erica (D:11)
  3 two-headed ogres
  A dancing weapon (D:11)
  3 death yaks (D:11)
  An ogre mage (D:10)
  The ghost of tidbits the Magician, a novice GnEE of Cheibriados (D:8)
  The ghost of Fingolfin the Cleaver, a novice HOFi (D:6)
  Pikel (D:8)
  A manticore (D:11)
  Joseph (D:8)
  A centaur zombie (D:11)
  Psyche (D:8)
  2 centaur skeletons (D:10)
  A troll (D:9)
  Prince Ribbit (D:9)
  A hornet (D:10)
  A hippogriff (D:10)
  A spriggan (D:7)
  A wyvern (D:10)
  5 yaks (D:9)
  3 wargs (D:11)
  2 soldier ants (D:10)
  Edmund (D:5)
  A water moccasin (Lair:1)
  4 sky beasts
  A porcupine (D:11)
  4 slaves (D:8)
  5 phantoms
  4 orc warriors
  5 ice beasts
  10 ogres
  2 black bears
  2 necrophages
  4 centaurs
  A crocodile (D:11)
  2 big kobolds
  An elf zombie (Ossuary)
  4 bullfrogs
  A gnoll sergeant (D:7)
  A wyvern zombie (D:11)
  A wyvern skeleton (D:9)
  3 scorpions
  3 wights (D:10)
  9 killer bees
  3 howler monkeys
  3 crimson imps
  2 bullfrog zombies
  4 orc wizards
  5 hounds
  A human zombie (Ossuary)
  A jelly (D:10)
  5 orc priests
  6 bullfrog skeletons
  6 iguanas
  6 worker ants
  A big kobold zombie (Ossuary)
  4 hound zombies
  A hound skeleton (D:8)
  4 mummies (Ossuary)
  A howler monkey skeleton (D:8)
  A howler monkey zombie (D:8)
  11 adders
  10 gnolls
  A hound simulacrum (D:11)
  3 shadow imps
  An ooze (D:6)
  2 worms
  2 adder skeletons
  A dart slug (D:2)
  4 leopard geckos
  41 orcs
  4 ball pythons
  9 giant cockroaches
  5 goblins
  5 hobgoblins
  8 jackals
  7 quokkas
  8 bats
  4 frilled lizards
  A goblin zombie (Ossuary)
  A hobgoblin zombie (Ossuary)
  14 kobolds
  2 kobold zombies (Ossuary)
  2 orc zombies (Ossuary)
  A quokka skeleton (D:6)
  8 rats
  2 rat zombies (Ossuary)
316 creatures vanquished.

Vanquished Creatures (others)
  4 toadstools (D:1)
4 creatures vanquished.

Grand Total: 320 creatures vanquished

Notes
Turn   | Place    | Note
-------+----------+-------------------------------------------
     0 | D:1      | pk666 the Minotaur Berserker began the quest for the Orb.
     0 | D:1      | Reached XP level 1. HP: 19/19 MP: 0/0
   199 | D:1      | Reached XP level 2. HP: 25/27 MP: 1/1
   545 | D:1      | Reached ** piety under Trog
   619 | D:1      | Reached XP level 3. HP: 21/34 MP: 2/2
  1906 | D:3      | Found a stormy altar of Qazlal.
  2057 | D:3      | Reached XP level 4. HP: 37/41 MP: 3/3
  2136 | D:4      | Reached skill level 5 in Fighting
  2136 | D:4      | Reached skill level 5 in Axes
  2159 | D:4      | Reached XP level 5. HP: 25/48 MP: 4/4
  2314 | D:4      | Noticed a phantom
  2325 | D:4      | Killed a phantom
  2325 | D:4      | Reached XP level 6. HP: 42/58 MP: 5/5
  2355 | D:4      | Reached *** piety under Trog
  2512 | D:4      | Found a sand-covered staircase.
  2519 | Ossuary  | Entered an ossuary
  2534 | Ossuary  | Reached XP level 7. HP: 52/66 MP: 6/6
  3227 | D:4      | Found a staircase to the Ecumenical Temple.
  3233 | D:4      | Found a shimmering altar of Xom.
  3380 | D:5      | Entered Level 5 of the Dungeon
  3658 | D:5      | Found an iron altar of Okawaru.
  3658 | D:5      | Found a sparkling altar of Nemelex Xobeh.
  3663 | D:5      | Found a deep blue altar of Sif Muna.
  3665 | D:5      | Found a burning altar of Makhleb.
  3668 | D:5      | Found an ornate altar of the Wu Jian Council.
  3780 | D:5      | Found a glowing silver altar of Zin.
  4041 | D:5      | Noticed Edmund
  4048 | D:5      | Killed Edmund
  4621 | D:6      | Found an iron altar of Okawaru.
  4749 | D:6      | Reached XP level 8. HP: 42/77 MP: 7/7
  4937 | D:6      | Noticed Fingolfin's ghost (novice HOFi)
  4943 | D:6      | Killed Fingolfin's ghost
  4998 | D:6      | Got a faintly glowing cloak
  5009 | D:6      | Identified the cursed +0 cloak of the Neverending Runes {rCorr Dex+5} (You found it on level 6 of the Dungeon)
  5036 | D:6      | Reached skill level 10 in Fighting
  5036 | D:6      | Reached skill level 10 in Axes
  5367 | D:7      | Reached XP level 9. HP: 38/86 MP: 8/8
  5719 | D:7      | Got an encrusted leather armour
  5907 | D:7      | Identified the +1 leather armour of Agakox {rC+ Int+4 Dex+3} (You found it on level 7 of the Dungeon)
  6166 | D:7      | Reached **** piety under Trog
  6878 | D:8      | Found a sacrificial altar of Ru.
  6889 | D:8      | Noticed Gastronok
  6906 | D:8      | Killed Gastronok
  6906 | D:8      | Reached XP level 10. HP: 58/99 MP: 9/9
  6979 | D:8      | Noticed Pikel
  6988 | D:8      | Killed Pikel
  7245 | D:8      | Noticed tidbits's ghost (novice GnEE)
  7252 | D:8      | Killed tidbits's ghost
  7532 | D:8      | Found a bloodstained altar of Trog.
  7657 | D:8      | Noticed Psyche
  7667 | D:8      | Killed Psyche
  7669 | D:8      | Noticed Joseph
  7680 | D:8      | Killed Joseph
  8018 | D:9      | Noticed Maurice
  8283 | D:9      | Found a white marble altar of Elyvilon.
  8589 | D:9      | Noticed a two-headed ogre
  8595 | D:9      | Killed a two-headed ogre
  8595 | D:9      | Reached XP level 11. HP: 40/110 MP: 10/10
  8792 | D:9      | Noticed Prince Ribbit
  8796 | D:9      | Killed Prince Ribbit
  9080 | D:9      | Reached ***** piety under Trog
  9404 | D:9      | Found a deep blue altar of Sif Muna.
  9476 | D:10     | Entered Level 10 of the Dungeon
 10337 | D:10     | Noticed an ogre mage
 10347 | D:10     | Killed an ogre mage
 10347 | D:10     | Reached skill level 15 in Fighting
 10347 | D:10     | Reached skill level 15 in Axes
 10350 | D:10     | Noticed a two-headed ogre
 10356 | D:10     | Killed a two-headed ogre
 10802 | D:11     | Noticed a death yak
 10806 | D:11     | Found a staircase to the Lair.
 10814 | D:11     | Killed a death yak
 11083 | D:11     | Noticed a death yak
 11083 | D:11     | Noticed a death yak
 11100 | D:11     | Killed a death yak
 11107 | D:11     | Killed a death yak
 11421 | D:11     | Noticed a two-headed ogre
 11426 | D:11     | Killed a two-headed ogre
 11426 | D:11     | Reached XP level 12. HP: 60/122 MP: 11/11
 11713 | D:11     | Found a bloodstained altar of Trog.
 11713 | D:11     | Found an ancient bone altar of Kikubaaqudgha.
 11725 | D:11     | Noticed an ettin
 11729 | D:11     | Killed an ettin
 12414 | D:11     | Noticed Erica
 12426 | D:11     | Killed Erica
 12430 | D:11     | Found a staircase to the Orcish Mines.
 13137 | Lair:1   | Entered Level 1 of the Lair of Beasts
 13168 | Lair:1   | Noticed a four-headed hydra
 13176 | Lair:1   | Slain by a six-headed hydra

Skill      XL: |  1  2  3  4  5  6  7  8  9 10 11 |
---------------+----------------------------------+-----
Fighting       | 4 5 6 7 8 10 12 14 16 | 16.6
Axes           | 4 5 6 7 8 10 12 14 16 | 16.6
Armour         | |  2.4
Dodging        | |  2.1

Action                   |  1- 3 |  4- 6 |  7- 9 | 10-12 || total
-------------------------+-------+-------+-------+-------++-------
Melee: Hand axe          |    87 |       |       |       ||    87
       Headbutt          |    16 |    11 |    39 |    81 ||   147
       War axe           |     3 |    48 |    88 |       ||   139
       Battleaxe         |       |       |    81 |   285 ||   366
Invok: Berserk           |       |     3 |     1 |     3 ||     7
       Brothers in Arms  |       |       |     1 |     1 ||     2
  Use: Scroll            |       |     1 |       |    14 ||    15
 Stab: Sleeping          |     3 |       |     1 |     3 ||     7
  Eat: Chunk             |     4 |     3 |    15 |    23 ||    45
Armor: Animal skin       |    21 |     3 |     1 |       ||    25
       Ring mail         |       |       |    26 |       ||    26
       Chain mail        |       |       |    31 |       ||    31
       Leather armour    |       |       |    18 |    73 ||    91
Dodge: Dodged            |    57 |    28 |    59 |   158 ||   302
